 Dungeon Crawl Stone Soup version 0.17-a0-1164-g0ba867e (webtiles) character file.

193 KlotserJr the Slasher (level 5, -5/41 HPs)
             Began as a Demonspawn Berserker on May 28, 2015.
             Was a Believer of Trog.
             Slain by Grinder (7 damage)
             ... while paralysed by Grinder
             ... on level 3 of the Dungeon.
             The game lasted 00:12:04 (3175 turns).

KlotserJr the Slasher (Demonspawn Berserker)        Turns: 3175, Time: 00:12:04

Health: -5/41      AC:  4    Str: 17    XL:     5   Next: 43%
Magic:  5/5        EV:  4    Int: 10    God:    Trog [**....]
Gold:   126        SH:  0    Dex: 12    Spells: 0 memorised, 4 levels left

rFire  . . .     SeeInvis .     h - +1 falchion
rCold  . . .     Clarity  .     b - +0 animal skin
rNeg   . . .     SustAt   .     (no shield)
rPois  .         Gourm    .     (helmet restricted)
rElec  .         Spirit   .     (no cloak)
rCorr  .         Warding  .     (no gloves)
rMut   .         Stasis   .     r - +1 pair of boots
MR     .....                    (no amulet)
Stlth  ++........               (no ring)
                                (no ring)

@: paralysed, not resistant to hostile enchantments, unstealthy
A: antennae 2, repulsion field 1, rot immunity
a: Burn Spellbooks, Berserk, Trog's Hand, Renounce Religion


You were on level 3 of the Dungeon.
You worshipped Trog.
Trog was pleased with you.
You were not hungry.

You visited 1 branch of the dungeon, and saw 3 of its levels.

You collected 126 gold pieces.

Inventory:

Hand weapons
 h - a +1 falchion (weapon)
Armour
 b - a +0 animal skin (worn)
 r - a +1 pair of boots (worn)
Scrolls
 f - a scroll of remove curse
 m - 2 scrolls of identify
Potions
 j - 2 potions of curing
 l - a potion of agility
Comestibles
 c - 3 bread rations
 d - a meat ration
 i - a slice of pizza
 k - 7 chunks of flesh
 q - a royal jelly


   Skills:
 + Level 3.6 Fighting
 * Level 3.7 Long Blades
 - Level 2.1 Armour
 + Level 3.5 Dodging
 + Level 1.2 Stealth


You had 4 spell levels left.
You didn't know any spells.

Dungeon Overview and Level Annotations

Branches:
Dungeon (3/15)

Altars:
Okawaru
Qazlal
Sif Muna
Vehumet
The Shining One

Annotations:
D:3 Grinder


Innate Abilities, Weirdness & Mutations

You have a pair of antennae on your head.
You are surrounded by a mild repulsion field (EV +2).
You are immune to rotting.


Message History

The bat hits you but does no damage. The bat completely misses you.
You hit the bat.
You kill the bat!
Trog accepts your kill. The bat closely misses you.
The bat hits you but does no damage. The bat misses you. x2
Grinder says, "DUCK!"
Grinder gestures at you.
You suddenly lose the ability to move!
The bat barely misses you. x2
Grinder hits you!
You writhe in agony.
* * * LOW HITPOINT WARNING * * *
The bat barely misses you. Grinder hits you.
* * * LOW HITPOINT WARNING * * *
You writhe in agony.
* * * LOW HITPOINT WARNING * * *
Grinder hits you!
You die...

###............
.........#...#.
........###.### # {{
#.......#...#. #.#
#....(...._... ..
#.......#...#.
.#.##.######
#......###.###
......†..5b#
#.......#...#.
.#.....###@#
#............. #..5..
#.# #............#
.......
#.###............#
#..5...
#..##.#..........#
......#
##.##..#####.....#
#...##
#..#.+#.#.#+....#
#..5 #..
##.###..#..##...#
#....##.##.._
_..#..##
#........#########..#


You could see Grinder and a bat.

Vanquished Creatures
  Jessica (D:2)
  7 adders
  3 gnolls (D:2)
  An ooze (D:2)
  A worm (D:3)
  A giant gecko (D:2)
  2 giant cockroaches (D:3)
  4 goblins
  10 hobgoblins
  12 jackals
  A quokka (D:3)
  6 bats
  5 giant newts
  4 kobolds
  6 rats
64 creatures vanquished.

Notes
Turn   | Place    | Note
--------------------------------------------------------------
     0 | D:1      | KlotserJr the Demonspawn Berserker began the quest for the Orb.
     0 | D:1      | Reached XP level 1. HP: 18/18 MP: 1/1
   355 | D:1      | Gained mutation: You are immune to rotting. [demonic ancestry]
   355 | D:1      | Reached XP level 2. HP: 8/24 MP: 2/2
  1114 | D:2      | Gained mutation: You are surrounded by a mild repulsion field (EV +2). [demonic ancestry]
  1114 | D:2      | Reached XP level 3. HP: 14/29 MP: 3/3
  1350 | D:2      | Noticed Jessica
  1352 | D:2      | Acquired Trog's second power
  1358 | D:2      | Killed Jessica
  1358 | D:2      | Gained mutation: You have a pair of small antennae on your head. [demonic ancestry]
  1358 | D:2      | Reached XP level 4. HP: 19/35 MP: 4/4
  2540 | D:2      | Gained mutation: You have a pair of antennae on your head. [demonic ancestry]
  2540 | D:2      | Reached XP level 5. HP: 13/41 MP: 5/5
  2541 | D:2      | HP: 3/61 [gnoll/club (10)]
  2799 | D:2      | Reached skill level 1 in Stealth
  2980 | D:3      | Found a radiant altar of Vehumet.
  3107 | D:3      | Found a deep blue altar of Sif Muna.
  3107 | D:3      | Found an iron altar of Okawaru.
  3108 | D:3      | Found a glowing golden altar of the Shining One.
  3143 | D:3      | Found a stormy altar of Qazlal.
  3160 | D:3      | Noticed Grinder
  3173 | D:3      | Paralysed by Grinder for 4 turns
  3175 | D:3      | HP: 2/41 [Grinder (4)]
  3175 | D:3      | Slain by Grinder

Vault maps used:
D:1:      sevenhm_arrival_forest_fort_large_1
D:2:      first_bread, hangedman_glass_teeth, minmay_misc_feat_columns,
          uniq_jessica
D:3:      nicolae_overflow_quartered_altars, vehumet_crystals, uniq_grinder

Action                   |  1- 3 |  4- 6 || total
-------------------------+-------+-------++-------
Melee: Falchion          |    80 |   148 ||   228
Invok: Berserk           |       |     2 ||     2
  Use: Scroll            |     2 |     6 ||     8
       Potion            |       |     1 ||     1
  Eat: Chunk             |     1 |     8 ||     9
